 Dungeon Sprint DCSS version 0.22.1-1-ga44c0e56f4 (webtiles) character file.

1809 MuseOD the Covert (level 8, -10/46 HPs)
             Began as a Spriggan Enchanter on Oct 4, 2018.
             Was a Priest of Dithmenos.
             Killed from afar by Erolcha (27 damage)
             ... with a bolt of cold
             ... in the Dungeon (Sprint III: "The Ten Rune Challenge").
             The game lasted 00:03:19 (1225 turns).

MuseOD the Covert (Spriggan Enchanter)              Turns: 1225, Time: 00:03:19

Health: -10/46     AC:  2    Str:  4    XL:     8   Next: 84%
Magic:  0/22       EV: 18    Int: 17    God:    Dithmenos [***...]
Gold:   38         SH:  0    Dex: 18    Spells: 10/25 levels left

rFire    . . .     SeeInvis +   a - +1 dagger
rCold    . . .     Gourm    .   (shield restricted)
rNeg     . . .     Faith    .   b - +0 robe
rPois    .         Spirit   .   (helmet restricted)
rElec    .         Reflect  .   (no cloak)
rCorr    .         Harm     .   (gloves unavailable)
MR       +....     NoTele   +   (boots unavailable)
Stlth    ++++++++..             (no amulet)
HPRegen  0.15/turn              (no ring)
MPRegen  0.18/turn              (no ring)

@: wreathed by umbra, very quick
A: very small, unfitting armour, see invisible, herbivore, speed 3, slow
metabolism 2
a: Shadow Step, Renounce Religion


You were in the Dungeon.
You worshipped Dithmenos.
Dithmenos was most pleased with you.
You were not hungry.

You visited 1 branch You collected 38 gold pieces.

Inventory:

Hand Weapons
 a - a +1 dagger (weapon)
 q - a cursed -2 dagger
Armour
 b - a +0 robe (worn)
Wands
 p - a wand of enslavement (16)
Scrolls
 c - a scroll of immolation {unknown}
 j - a scroll of blinking
 k - 3 scrolls of identify
 l - 3 scrolls of remove curse
 n - a scroll of torment {unknown}
Potions
 e - a potion of curing
 f - a potion of heal wounds
 g - a potion of haste
 h - 2 potions of magic
 i - 2 potions of berserk rage
 m - 2 potions of flight {unknown}
 o - 5 potions of mutation
 r - a potion of might
Comestibles
 d - 5 rations


   Skills:
 + Level 7.6 Fighting
 * Level 13.5 Short Blades
 - Level 3.0 Dodging
 + Level 14.0 Stealth
 - Level 9.1 Spellcasting
 + Level 1.8 Conjurations
 + Level 4.9 Hexes


You had 10 spell levels left.
You knew the following spells:

 Your Spells              Type           Power        Failure   Level  Hunger
a - Corona                Hex            ###....      1%          1    None
b - Ensorcelled Hibernat  Hex/Ice        ###...       4%          2    None
c - Confuse               Hex            ###.....     3%          3    None
d - Dazzling Spray        Conj/Hex       ###...       7%          3    None
e - Tukima's Dance        Hex            ###.....     3%          3    None
f - Mephitic Cloud        Conj/Pois/Air  #.......     22%         3    None

Your spell library contained the following spells:

 Spells                   Type           Power        Failure   Level  Hunger
 Slow                     Hex            ###.....     1%          2    None
 Magic Dart               Conj           ##..         4%          1    None
 Blink                    Tloc           N/A          14%         2    None
 Call Imp                 Summ           #.......     14%         2    None
 Conjure Flame            Conj/Fire      ##......     19%         3    None


Dungeon Overview and Level Annotations

Branches:
Dungeon (1/1)

Altars:
Dithmenos
Elyvilon
Kikubaaqudgha
Okawaru
Ru
Sif Muna
Trog
Uskayaw
Vehumet
Wu Jian
Yredelemnul
Zin
The Shining One
Beogh

Annotations:
D Erolcha


Innate Abilities, Weirdness & Mutations

You are very small and have problems with some larger weapons.
You are too small for most types of armour.
You have supernaturally acute eyesight. (SInv)
You are a herbivore.
You cover ground extremely quickly.
You need to consume almost no food.


Message History

You perforate the redback like a sieve!!!
You kill the redback!
Dithmenos accepts your kill.
Your Stealth skill increases to level 14!
Casting: Confuse (safe; 3% risk of failure)
Confirm with . or Enter, or press ? or * to list all spells.
Aiming: Confuse (safe; 3% risk of failure)
Press: ? - help, Shift-Dir - straight line, f/p - two-headed ogre
Aim: a two-headed ogre, wielding a giant club (almost dead, umbra, chance to Erolcha resists with almost no effort.
Erolcha closely misses you.
Casting: Confuse (safe; 3% risk of failure)
Confirm with . or Enter, or press ? or * to list all spells.
Aiming: Ensorcelled Hibernation (safe; 4% risk of failure)
Press: ? - help, Shift-Dir - straight line, f - Erolcha, p - two-headed ogre
Aim: Erolcha, wielding a giant club and wearing a robe (heavily wounded, fast, Erolcha resists with almost no effort.
Erolcha points at you and mumbles some strange words.
The bolt of cold hits you!
Ouch! That really hurt!
You die...

#'###'## .......#
.......# ######'# #
#...#+##############
#
#...#....#)#.#).§sO#
#
#...##.#.)#.##O###§#
#
#...'##.#)#.##O#.§##
#
+...#...#..#.@##.O+
▓
▓▓▓▓▓▓▓▓▓▓▓▓▓▓▓▓▓▓#


You could see a two-headed ogre and Erolcha.

Vanquished Creatures
  A deep elf mage (D)
  A shadow (D)
  2 redbacks (D)
  A necrophage (D)
  4 two-headed ogres (D)
  A water elemental (D)
  A jelly (D)
  Jessica (D)
  A necromancer (D)
  A wizard (D)
  3 humans (D)
  A kobold demonologist (D)
  An ooze (D)
  A phantom (D)
  2 rats (D)
22 creatures vanquished.

Vanquished Creatures (others)
  2 draconian scorchers (D)
  6 hellions (D)
  A yaktaur (D)
  A dancing weapon (D)
10 creatures vanquished.

Grand Total: 32 creatures vanquished

Notes
Turn   | Place    | Note
-------+----------+-------------------------------------------
     0 | D        | MuseOD the Spriggan Enchanter began the quest for the Orb.
     0 | D        | Reached XP level 1. HP: 9/9 MP: 5/5
    14 | D        | Reached skill level 1 in Fighting
    14 | D        | Reached skill level 5 in Stealth
    92 | D        | Killed a hellion
    93 | D        | Killed a hellion
    93 | D        | Killed a hellion
   108 | D        | Killed a hellion
   108 | D        | Killed a hellion
   108 | D        | Killed a hellion
   152 | D        | Noticed Jessica
   155 | D        | Killed Jessica
   155 | D        | Reached skill level 6 in Stealth
   155 | D        | Reached XP level 2. HP: 15/15 MP: 6/6
   155 | D        | Reached XP level 3. HP: 18/18 MP: 8/8
   162 | D        | Learned a level 2 spell: Ensorcelled Hibernation
   164 | D        | Killed a white draconian scorcher
   166 | D        | Learned a level 3 spell: Confuse
   185 | D        | Reached skill level 5 in Short Blades
   185 | D        | Reached skill level 7 in Stealth
   245 | D        | Killed a white draconian scorcher
   269 | D        | Killed a yaktaur
   842 | D        | Noticed a water elemental
   844 | D        | Killed a water elemental
   844 | D        | Reached skill level 8 in Stealth
   844 | D        | Reached XP level 4. HP: 25/25 MP: 9/9
   887 | D        | Found a basalt altar of Yredelemnul.
   887 | D        | Found a shadowy altar of Dithmenos.
   887 | D        | Found a sacrificial altar of Ru.
   887 | D        | Noticed a necrophage
   889 | D        | Reached XP level 5. HP: 29/29 MP: 10/10
   890 | D        | Killed a necrophage
   890 | D        | Reached skill level 9 in Stealth
   896 | D        | Became a worshipper of Dithmenos the Shadowed
   920 | D        | Found a glowing silver altar of Zin.
   920 | D        | Found a glowing golden altar of the Shining One.
   920 | D        | Found a white marble altar of Elyvilon.
   920 | D        | Noticed a deep elf mage
   923 | D        | Killed a deep elf mage
   923 | D        | Reached skill level 11 in Stealth
   923 | D        | Reached XP level 6. HP: 36/36 MP: 14/17
   923 | D        | Reached XP level 7. HP: 40/40 MP: 14/18
   954 | D        | Found a radiant altar of Vehumet.
   955 | D        | Found a deep blue altar of Sif Muna.
   955 | D        | Found an ancient bone altar of Kikubaaqudgha.
   956 | D        | Reached skill level 12 in Stealth
   958 | D        | Reached * piety under Dithmenos
   998 | D        | Found a hide-covered altar of Uskayaw.
   998 | D        | Found a roughly hewn altar of Beogh.
   998 | D        | Found an iron altar of Okawaru.
   998 | D        | Found a bloodstained altar of Trog.
   998 | D        | Found an ornate altar of the Wu Jian Council.
   998 | D        | Noticed a human
   999 | D        | Noticed a human
  1001 | D        | Killed a human
  1002 | D        | Killed a human
  1013 | D        | Learned a level 3 spell: Dazzling Spray
  1017 | D        | Learned a level 3 spell: Tukima's Dance
  1021 | D        | Learned a level 3 spell: Mephitic Cloud
  1026 | D        | Noticed a shadow
  1028 | D        | Killed a shadow
  1028 | D        | Reached ** piety under Dithmenos
  1028 | D        | Reached skill level 13 in Stealth
  1028 | D        | Reached XP level 8. HP: 45/45 MP: 19/21
  1104 | D        | Reached *** piety under Dithmenos
  1153 | D        | Noticed a two-headed ogre
  1156 | D        | Killed a two-headed ogre
  1156 | D        | Reached skill level 1 in Conjurations
  1160 | D        | Noticed Erolcha
  1161 | D        | Noticed a two-headed ogre
  1223 | D        | Reached skill level 14 in Stealth
  1225 | D        | Killed from afar by Erolcha

Skill      XL: |  1  2  3  4  5  6  7  8 |
---------------+-------------------------+-----
Fighting       | 2 3 6 7 |  7.6
Short Blades   | 4 7 11 12 13 | 13.5
Stealth        | 6 8 11 13 14 | 14.0
Spellcasting   | 3 7 8 9 |  9.1
Conjurations   | 1 |  1.8
Hexes          | 4 |  4.9
Dodging        | |  3.0

Action                   |  1- 3 |  4- 6 |  7- 9 || total
-------------------------+-------+-------+-------++-------
Melee: Dagger            |    16 |     3 |    15 ||    34
 Cast: Confuse           |    13 |       |     4 ||    17
       Ensorcelled Hiber |     1 |       |     9 ||    10
       Mephitic Cloud    |       |       |     1 ||     1
       Tukima's Dance    |       |       |     1 ||     1
 Stab: Sleeping          |     5 |     3 |    10 ||    18
       Confused          |     1 |       |     1 ||     2
Armor: Robe              |     1 |       |       ||     1
Dodge: Dodged            |    16 |       |    12 ||    28
